AoeStats
← ITA | MarknighT

Arabia

504230399Analyzed
1v1 RM · 29d ago on Sep 4, 2026· 34m 13s· 2 players
Game mode
Random Map
Map size
Tiny (2 player)
Population
200
Speed
Normal
Resources
Standard
Victory
Conquest
Starting age
Dark Age
Ending age
Imperial Age
RankedLock teamsTeams togetherTeam positionsShared explorationLock speedFull tech treeHidden civsTurbo modeCheats
Victory
Defeat
🇹🇷 Sicilians · Türkiye
1958
+14
🇮🇹 Gurjaras · Italy
1906
-14
ITA | MarknighT
6:57 Loom
9:03 Feudal Age
10:20 Double-Bit Axe
10:58 Horse Collar
16:34 Fletching
23:57 Castle Age
22:45 Padded Archer Armor
24:04 Elite Skirmisher
24:40 Bodkin Arrow
26:09 Scale Barding Armor
28:09 Wheelbarrow
29:59 Hand Cart
30:13 Town Watch
31:24 Bow Saw
33:06 Leather Archer Armor
Don Vito
7:04 Loom
9:13 Feudal Age
10:48 Double-Bit Axe
13:05 Horse Collar
14:47 Town Watch
16:36 Fletching
22:47 Castle Age
21:25 Padded Archer Armor
21:56 Gold Mining
22:37 Scale Barding Armor
22:51 Crossbowman
23:46 Bodkin Arrow
24:07 Bow Saw
26:00 Wheelbarrow
26:07 Heavy Plow
27:35 Bloodlines
27:52 Chain Barding Armor
29:59 Husbandry
30:29 Ballistics
30:19 Clinker Construction
32:59 Forging
Connection lost

Rejoining the realm…

Still unreachable

The connection could not be restored.

Session expired

The server has moved on; the page needs a fresh start.